 Dungeon Crawl Stone Soup version 0.25-a0-834-g55863b0 (webtiles) character file.

Game seed: 5482529819697157101, levelgen mode: deterministic

697 BlueFish the Slasher (level 7, -6/61 HPs)
             Began as a Minotaur Fighter on Apr 22, 2020.
             Was an Initiate of Ru.
             Killed by divine providence
             ... invoked by an orc priest
              (11 damage)
             ... on level 5 of the Dungeon.
             The game lasted 00:09:34 (3692 turns).

BlueFish the Slasher (Minotaur Fighter)             Turns: 3692, Time: 00:09:34

Health: -6/61      AC: 10    Str: 20    XL:     7   Next: 37%
Magic:  6/6        EV: 10    Int:  5    God:    Ru [......]
Gold:   384        SH:  6    Dex: 14    Spells: 6/6 levels left

rFire    . . .     SeeInvis .   a - +0 long sword
rCold    . . .     Gourm    .   k - +1 buckler
rNeg     . . .     Faith    .   b - +0 scale mail
rPois    .         Spirit   .   (helmet restricted)
rElec    .         Reflect  .   (no cloak)
rCorr    .         Harm     .   r - +2 pair of gloves
MR       .....                  (no boots)
Stlth    ..........             e - amulet of the acrobat
HPRegen  0.20/turn              s - +2 ring of dexterity
MPRegen  0.10/turn              (no ring)

@: mighty, very slightly contaminated, invisible
A: retaliatory headbutt, horns 2
a: Renounce Religion


You were on level 5 of the Dungeon.
You worshipped Ru.
Ru was noncommittal.
You were hungry.

You visited 2 branches of the dungeon, and saw 6 of its levels.
You also visited: Ossuary.

You collected 384 gold pieces.

Inventory:

Hand Weapons
 a - a +0 long sword (weapon)
Armour
 b - a +0 scale mail (worn)
 c - a +0 kite shield
 k - a +1 buckler (worn)
 r - a +2 pair of gloves (worn)
Jewellery
 e - an amulet of the acrobat (around neck)
 s - a +2 ring of dexterity (left hand)
Scrolls
 i - a scroll of blinking
 l - 3 scrolls of enchant armour
 o - 2 scrolls of amnesia
 q - 4 scrolls of remove curse
 t - a scroll of teleportation
 v - a scroll of vulnerability
 x - a scroll of identify
 y - a scroll of fog
 z - a scroll of fear
 A - a scroll of enchant weapon {unknown}
Potions
 g - a potion of mutation
 h - 5 potions of flight
 j - a potion of lignification
 m - a potion of curing
 p - 2 potions of magic
 u - 2 potions of stabbing
Comestibles
 f - 6 rations
 w - 14 chunks of flesh


   Skills:
 * Level 5.3 Fighting
 * Level 6.6 Long Blades
 * Level 6.0 Armour
 + Level 1.2 Dodging
 * Level 5.2 Shields


You had 6 spell levels left.
You didn't know any spells.
Your spell library contained the following spells:

 Spells                   Type           Power        Failure   Level  Hunger
 Beastly Appendage        Tmut           #.....       80%         1    ##.....
 Sticks to Snakes         Tmut           #.......     91%         2    ###....
 Spider Form              Tmut/Pois      #.........   99%         3    ####...
 Ice Form                 Ice/Tmut       #.......     100%        4    #####..
 Blade Hands              Tmut           #.........   100%        5    ######.


Dungeon Overview and Level Annotations

Branches:
Dungeon (5/15)             Temple (1/1) D:5         Ossuary (visited)

Altars:
Ashenzari
Cheibriados
Elyvilon
Gozag
Okawaru
Qazlal
Ru
Sif Muna
Trog
Uskayaw
Vehumet
Xom
Zin
The Shining One

Annotations:
D:3 2 transporters


Innate Abilities, Weirdness & Mutations

You reflexively headbutt those who attack you in melee.
You have a pair of horns on your head.


Message History

The orc priest completely misses you. The orc misses you.
You closely miss the orc priest.
The orc priest hits you but does no damage.
You feel better.
The orc priest hits you but does no damage.
A magic dart appears from out of thin air!
The magic dart hits the orc priest.
The orc priest hits you.
* * * LOW HITPOINT WARNING * * *
You feel better.
The orc wizard hits you but does no damage.
A puff of flame appears from out of thin air!
The puff of flame misses the orc priest.
The puff of flame hits you.
* * * LOW HITPOINT WARNING * * *
The orc priest mumbles some strange prayers to Beogh against you.
Pain shoots through your body!
* * * LOW HITPOINT WARNING * * *
The orc priest invokes the aid of Beogh against you.
Beogh smites you!
You die...

...#.###.# .........#####
........... .............
...#.....##'##.........$.
...#......#..............
...###.>..+.....)........
.......#.##...##...{.....
.............#.'oo.......
##.......#....##oo..##...
..............##@o..# ..
##.###.###....#####.#
#.#..........# .#
##.#.#######..# .#
.......# .... ..
)รท...#.# .#### .#.###.#
.# .#.# # ##..


You could see 2 orc priests, an orc wizard and 2 orcs.

Vanquished Creatures
  An ogre (D:5)
  An elf zombie (Ossuary)
  A centaur zombie (Ossuary)
  An iguana (D:5)
  4 orc wizards
  2 worker ants (D:4)
  A big kobold zombie (Ossuary)
  A hound zombie (Ossuary)
  A hound skeleton (D:4)
  4 mummies
  2 worker ant zombies (D:5)
  5 adders
  An ooze (D:4)
  3 adder zombies (Ossuary)
  A worm (D:2)
  4 dart slugs
  8 leopard geckos
  14 orcs
  A ball python (D:3)
  7 giant cockroaches
  7 hobgoblins
  10 jackals
  5 kobolds
  2 quokkas
  12 bats
  9 frilled lizards
  2 gnoll zombies (Ossuary)
  3 goblins
  5 goblin zombies (Ossuary)
  2 hobgoblin zombies (Ossuary)
  6 jackal zombies (Ossuary)
  3 leopard gecko skeletons
  4 orc zombies (Ossuary)
  5 quokka zombies (Ossuary)
  4 rats
  6 rat zombies (Ossuary)
148 creatures vanquished.

Notes
Turn   | Place    | Note
-------+----------+-------------------------------------------
     0 | D:1      | BlueFish the Minotaur Fighter began the quest for the Orb.
     0 | D:1      | Reached XP level 1. HP: 19/19 MP: 0/0
   203 | D:1      | Reached XP level 2. HP: 21/27 MP: 1/1
   646 | D:1      | Reached XP level 3. HP: 33/33 MP: 2/2
  1152 | D:2      | Found a shattered altar of Ashenzari.
  1437 | D:2      | Reached XP level 4. HP: 40/40 MP: 3/3
  1794 | D:3      | Found a transporter.
  1826 | D:3      | Found a transporter.
  1906 | D:3      | Found a snail-covered altar of Cheibriados.
  1906 | D:3      | Found an opulent altar of Gozag.
  1977 | D:3      | Reached skill level 5 in Armour
  2081 | D:3      | Reached XP level 5. HP: 40/47 MP: 4/4
  2764 | D:4      | Found a sand-covered staircase.
  2780 | Ossuary  | Entered an ossuary
  2806 | Ossuary  | Reached XP level 6. HP: 41/53 MP: 5/5
  2897 | Ossuary  | Reached skill level 5 in Long Blades
  2957 | Ossuary  | Reached skill level 1 in Dodging
  2961 | Ossuary  | Reached skill level 5 in Fighting
  3099 | D:4      | Reached skill level 5 in Shields
  3369 | D:5      | Entered Level 5 of the Dungeon
  3410 | D:5      | Found a staircase to the Ecumenical Temple.
  3429 | D:5      | Reached XP level 7. HP: 34/61 MP: 6/6
  3432 | Temple   | Entered the Ecumenical Temple
  3542 | Temple   | Became a worshipper of Ru the Awakened
  3688 | D:5      | HP: 2/61 [something/magic dart (7)]
  3692 | D:5      | Killed from afar by an orc priest

Levels and vault maps discovered:
D:1:      onia_arrival_mini_spirals, layout_loops_ring, minmay_misc_feat_pillars
D:2:      layout_loops_ring, nicolae_ashenzari_panopticon
D:3:      gammafunk_steamed_eel, layout_loops_ring,
          chequers_temple_overflow_statue_of_worship
D:4:      layout_cave_pods, gup_ossuary_entry_pyramid, first_ration
D:5:      layout_basic, lemuel_round_altar, minmay_temple_entry_wispy, uniq_ijyb
Temple:   eino_temple_lava

Skill      XL: |  1  2  3  4  5  6  7 |
---------------+----------------------+-----
Armour         | 4 5 6 |  6.0
Fighting       | 4 5 |  5.3
Shields        | 4 5 |  5.2
Long Blades    | 3 4 6 |  6.6
Dodging        | 1 |  1.2

Action                   |  1- 3 |  4- 6 |  7- 9 || total
-------------------------+-------+-------+-------++-------
Melee: Long sword        |    81 |   214 |    32 ||   327
       Headbutt          |    15 |    51 |    10 ||    76
  Use: Scroll            |     7 |    10 |       ||    17
       Potion            |       |       |     4 ||     4
 Stab: Invisible         |       |       |     1 ||     1
  Eat: Chunk             |     2 |     7 |       ||     9
Armor: Scale mail        |    50 |    87 |    24 ||   161
Dodge: Dodged            |    54 |   104 |    24 ||   182
Block: Buckler           |     8 |    64 |     8 ||    80
       Rpst.: Long sword |    14 |    33 |     8 ||    55

Table legend:
 A = Non-vault XP
 B = Vault XP
 C = Vault XP percentage of total XP
 D = Non-vault monster count
 E = Vault monster count
 F = Vault count percentage of total count
                 A         B        C        D         E       F
            +---------+---------+-------+---------+---------+-------
      Total |     692 |     304 |  30.5 |     107 |      41 |  27.7
            +---------+---------+-------+---------+---------+-------
        D:1 |      45 |       0 |   0.0 |      22 |       0 |   0.0
        D:2 |      57 |       0 |   0.0 |      17 |       0 |   0.0
        D:3 |     119 |       0 |   0.0 |      30 |       0 |   0.0
        D:4 |     142 |      18 |  11.2 |      22 |       1 |   4.3
        D:5 |     329 |       0 |   0.0 |      16 |       0 |   0.0
    Ossuary |       0 |     286 | 100.0 |       0 |      40 | 100.0
            +---------+---------+-------+---------+---------+-------
